 Dungeon Crawl Stone Soup version 0.31-a0-193-gdfe2569204 (webtiles) character file.

Game seed: 10838274273861213631

128 qw the Skirmisher (level 4, -4/25 HPs)
             Began as a Deep Elf Hunter on June 23, 2023.
             Killed by nerve-wracking pain
             ... invoked by Grinder
              (14 damage)
             ... on level 2 of the Dungeon.
             The game lasted 00:00:43 (2157 turns).

qw the Skirmisher (Deep Elf Hunter)                 Turns: 2157, Time: 00:00:43

Health: -4/25      AC:  3    Str: 10    XL:     4   Next: 87%
Magic:  6/6        EV: 12    Int: 14    God:
Gold:   122        SH:  0    Dex: 18    Spells: 3/3 levels left

rFire   . . .        Y - +1 shortbow
rCold   . . .        (shield currently unavailable)
rNeg    . . .        c - +0 leather armour
rPois   .            (no helmet)
rElec   .            (no cloak)
rCorr   +            (no gloves)
SInv    .            (no boots)
Will    .....        (no amulet)
Stlth   ++           e - ring of resist corrosion
HPRegen 0.24/turn    g - +4 ring of slaying {mikee}
MPRegen 0.10/turn

%: no passive effects
@: no status effects
A: no striking features
a: no special abilities


You were on level 2 of the Dungeon.
You visited 1 branch of the dungeon, and saw 3 of its levels.

You collected 122 gold pieces.


   Skills:
 - Level 1.5 Fighting
 + Level 8.3 Ranged Weapons
 - Level 2.4 Dodging
 - Level 1.2 Stealth


You had 3 spell levels left.
You didn't know any spells.
Your spell library was empty.

Inventory:

Hand Weapons
 Y - a +1 shortbow (weapon)
Armour
 c - a +0 leather armour (worn)
Jewellery
 e - a ring of resist corrosion (left hand)
 g - a +4 ring of slaying (right hand) {mikee}
Scrolls
 a - 2 scrolls of teleportation
Potions
 b - a potion of cancellation {unknown}
 d - a potion of magic {unknown}
 f - a potion of attraction {unknown}
 h - a potion of lignification {unknown}

Dungeon Overview and Level Annotations

Branches:
Dungeon (3/15)

Altars:
Dithmenos
Xom

Annotations:
D:2 Grinder
D:3 3 runed translucent doors, qw's ghost, amateur DEHu


Message History

You climb upwards.
There is a stone staircase leading down here.
You start resting.
HP restored.
Done exploring.
(D) Dungeon
Where to? (* - list waypoints, Enter - D:3, ? - help)
What level of the Dungeon? (default 1, ? - help)
You climb downwards.
Level annotation: 3 runed translucent doors, Grinder; qw's ghost, amateur DEHu The bat hits you but does no damage.
There is a stone staircase leading up here.
You shoot an arrow. The arrow hits the bat.
The bat is severely wounded.
The bat hits you but does no damage.
You shoot an arrow. The arrow closely misses the bat.
The bat hits you. Grinder gestures at you. Pain shoots through your body!
2151 ||| STAIRDANCE The bat misses you.
Grinder zaps a wand.
The puff of flame hits you.
You climb upwards.
There is a stone staircase leading down here.
You shoot an arrow. The arrow hits the bat.
You kill the bat!
Grinder barely misses you.
You shoot an arrow. The arrow hits Grinder!
Grinder is severely wounded.
Grinder hits you.
You writhe in agony.
You shoot an arrow. The arrow completely misses Grinder.
Grinder blinks!
You shoot an arrow. The arrow hits Grinder.
Grinder is almost dead.
You shoot an arrow. The arrow hits Grinder.
Grinder is almost dead.
Grinder says, "You look like you could use a good racking."
Grinder gestures at you. Pain shoots through your body!
Ouch! That really hurt!
You die...

..# #.# #...#.## ..#
##+## #####.# #.# ##...##
########.# #.###.....##
#........#
#.##.......###.##.##..#
..#.........##.#...#..##
..'.........'..........#
###.........##.#.ยค...#.#
##.......###.#@.##...#
##.....## #.#5###.###
##...## #.......# ##'##
###.##### #.# #.#
#######.# #.# .....##.##
#.# ####.#...## #.#
#>.....######.#


You could see Grinder.

Vanquished Creatures
  Jessica (D:3)
  Terence (D:3)
  2 adders
  A worm (D:2)
  A dart slug (D:3)
  An orc (D:3)
  3 ball pythons
  4 endoplasms
  A giant cockroach (D:2)
  5 goblins
  2 hobgoblins
  3 jackals (D:3)
  3 quokkas (D:1)
  7 bats
  2 frilled lizards
  10 kobolds
  7 rats
54 creatures vanquished.

Notes
Turn   | Place    | Note
-------+----------+-------------------------------------------
     0 | D:1      | qw the Deep Elf Hunter began the quest for the Orb.
     0 | D:1      | Reached XP level 1. HP: 12/12 MP: 3/3
     0 | D:1      | 0 ||| qw: Version: 0.3-a-9-g12657ce
     0 | D:1      | 0 ||| qw: Game counter: 4608
     0 | D:1      | 0 ||| qw: Always use a shield: true
     0 | D:1      | 0 ||| qw: God list: Okawaru
     0 | D:1      | 0 ||| qw: Allow faded altars: false
     0 | D:1      | 0 ||| qw: Do Orc after D:15 true
     0 | D:1      | 0 ||| qw: Do second Lair branch before Depths: true
     0 | D:1      | 0 ||| qw: Lair rune preference: random
     0 | D:1      | 0 ||| qw: Plans: Normal
     0 | D:1      | 0 ||| PLANNING D:1-11
   218 | D:1      | Reached skill level 6 in Ranged Weapons
   218 | D:1      | Reached XP level 2. HP: 16/16 MP: 4/4
   604 | D:1      | 604 ||| UPGRADING to ring of resist corrosion.
   605 | D:1      | 605 ||| UPGRADING to +4 ring of slaying {mikee}.
   606 | D:1      | 606 ||| READING scroll labelled GOB CYPHENA.
   610 | D:1      | 610 ||| READING scroll labelled GYAMAO GEWK.
   611 | D:1      | 611 ||| DRINKING 2 amethyst potions.
   619 | D:1      | 619 ||| DROPPING scroll of butterflies.
   620 | D:1      | 620 ||| DROPPING potion of ambrosia.
   849 | D:2      | Reached XP level 3. HP: 20/20 MP: 5/5
  1356 | D:2      | Reached skill level 7 in Ranged Weapons
  1516 | D:2      | 1516 ||| READING scroll labelled ZESOF NEKE.
  1637 | D:3      | Noticed Jessica
  1645 | D:3      | Killed Jessica
  1646 | D:3      | Reached XP level 4. HP: 25/25 MP: 6/6
  1825 | D:3      | Found a shadowy altar of Dithmenos.
  1937 | D:3      | Noticed Terence
  1945 | D:3      | Killed Terence
  1946 | D:3      | Reached skill level 8 in Ranged Weapons
  1982 | D:3      | Found a runed translucent gate.
  1983 | D:3      | Noticed a kobold brigand
  1983 | D:3      | Found a runed translucent gate.
  1983 | D:3      | Found a runed translucent gate.
  1985 | D:3      | Noticed qw's ghost (amateur DEHu)
  2015 | D:3      | Found a shimmering altar of Xom.
  2077 | D:3      | Noticed Grinder
  2081 | D:3      | 2081 ||| FLEEEEING.
  2082 | D:3      | 2082 ||| FLEEEEING.
  2086 | D:3      | 2086 ||| STAIRDANCE
  2110 | D:2      | 2110 ||| READING scroll labelled ROEPOMPINUBLIT.
  2114 | D:3      | 2114 ||| STAIRDANCE
  2151 | D:3      | 2151 ||| STAIRDANCE
  2157 | D:2      | Killed from afar by Grinder

Levels and vault maps discovered:
D:1:      dpeg_arrival_solitude, layout_basic, minmay_misc_feat_roman,
          serial_bayou_pond_b
D:2:      layout_loops_corners
D:3:      layout_loops_ring, xom_butterflies, lemuel_crystal_altar,
          gammafunk_ghost_nasty_kobolds, hex_medium, uniq_terence, uniq_grinder,
          uniq_jessica

Skill      XL: |  1  2  3  4 |
---------------+-------------+-----
Ranged Weapons | 6 7 8 |  8.3
Fighting       | |  1.5
Dodging        | |  2.4
Stealth        | |  1.2

Action                     |  1- 3 |  4- 6 || total
---------------------------+-------+-------++-------
  Melee: Unarmed           |     1 |       ||     1
   Fire: Shortbow          |    99 |    36 ||   135
    Use: Scroll            |     3 |     1 ||     4
         Potion            |     1 |       ||     1
 Armour: Leather armour    |     9 |     3 ||    12
  Dodge: Dodged            |    18 |     4 ||    22

Table legend:
 A = Non-vault XP
 B = Vault XP
 C = Vault XP percentage of total XP
 D = Non-vault monster count
 E = Vault monster count
 F = Vault count percentage of total count
                 A         B        C        D         E       F
            +---------+---------+-------+---------+---------+-------
      Total |     104 |      80 |  43.5 |      48 |       6 |  11.1
            +---------+---------+-------+---------+---------+-------
        D:1 |      22 |       7 |  24.1 |      16 |       4 |  20.0
        D:2 |      35 |       0 |   0.0 |      14 |       0 |   0.0
        D:3 |      47 |      73 |  60.8 |      18 |       2 |  10.0
            +---------+---------+-------+---------+---------+-------
